 Dungeon Crawl Stone Soup version 0.28.0-53-g5a82cb258f (webtiles) character file.

Game seed: 15345299241162281805

1674 MiltankisOP the Carver (level 9, -1/71 HPs)
             Began as a Human Fighter on July 8, 2022.
             Slain by Pikel
             ... wielding a +2 whip of freezing
              (2 damage)
             ... on level 5 of the Dungeon.
             The game lasted 00:13:17 (6559 turns).

MiltankisOP the Carver (Human Fighter)              Turns: 6559, Time: 00:13:18

Health: -1/71      AC:  7    Str: 20    XL:     9   Next: 21%
Magic:  0/9        EV:  9    Int:  9    God:
Gold:   229        SH:  4    Dex: 13    Spells: 8/8 levels left

rFire   . . .      SeeInvis .   e - +2 long sword (vorpal)
rCold   . . .      Faith    .   b - +0 buckler
rNeg    . . .      Spirit   +   a - +0 scale mail
rPois   .          Reflect  .   (no helmet)
rElec   .          Harm     .   c - +0 cloak
rCorr   .          Rampage  .   (no gloves)
Will    .....                   (no boots)
Stlth   ..........              o - amulet of guardian spirit
HPRegen 0.21/turn               (no ring)
MPRegen 0.11/turn               (no ring)

@: no status effects
A: no striking features
a: no special abilities


You were on level 5 of the Dungeon.
You visited 1 branch of the dungeon, and saw 5 of its levels.
You also visited: Ossuary.

You collected 229 gold pieces.

Inventory:

Hand Weapons
 e - a +2 vorpal long sword (weapon)
 g - the +0 whip of Saltpetre {holy, rElec rPois rF+}
   (You found it on level 2 of the Dungeon)

   It has been blessed by the Shining One to cause great damage to the undead
   and demons.
   rF:        It protects you from fire.
   rElec:     It insulates you from electricity.
   rPois:     It protects you from poison.
Armour
 a - a +0 scale mail (worn)
 b - a +0 buckler (worn)
 c - a +0 cloak (worn)
Jewellery
 o - an amulet of guardian spirit (around neck)
Wands
 p - a wand of paralysis (4)
 y - a wand of digging (6)
Scrolls
 i - a scroll of vulnerability {unknown}
 j - a scroll of holy word {unknown}
 l - a scroll of silence
 m - 2 scrolls of identify {unknown}
 r - a scroll of enchant armour {unknown}
 s - 2 scrolls of blinking {unknown}
 t - a scroll of teleportation
 x - a scroll of enchant weapon {unknown}
Potions
 d - 5 potions of curing
 f - 3 potions of heal wounds {unknown}
 h - a potion of ambrosia
 k - a potion of berserk rage {unknown}
 n - 2 potions of brilliance {unknown}
 q - a potion of haste {unknown}
 u - a potion of degeneration {unknown}
 v - 3 potions of lignification {unknown}
 w - a potion of resistance {unknown}


   Skills:
 + Level 6.7 Fighting
 + Level 9.2 Long Blades
 - Level 3.1 Armour
 - Level 3.1 Shields
 - Level 2.2 Unarmed Combat


You had 8 spell levels left.
You didn't know any spells.
Your spell library contained the following spells:

 Spells                   Type           Power      Damage    Failure   Level
 Corpse Rot               Necr/Air       0%         N/A       92%         2
 Poisonous Vapours        Pois/Air       0%         N/A       92%         2


Dungeon Overview and Level Annotations

Branches:
Dungeon (5/15)            Ossuary (visited)
 Temple: D:4-7

Altars:
Gozag
Sif Muna

Shops:
D:3 (((*

Annotations:
D:5 Pikel


Message History

You completely miss Pikel.
Pikel is heavily wounded.
You block Pikel's attack.
You closely miss Pikel.
Pikel is heavily wounded.
Pikel hits you with a +2 whip of freezing.
* * * LOW HITPOINT WARNING * * *
Pikel freezes you.
You hit Pikel.
Pikel is severely wounded.
Pikel hits you with a +2 whip of freezing.
* * * LOW HITPOINT WARNING * * *
Pikel freezes you.
* * * LOW HITPOINT WARNING * * *
You closely miss Pikel.
Pikel is severely wounded.
Pikel misses you.
You closely miss Pikel.
Pikel is severely wounded.
Pikel says, "You'll feel the lick of my whip!"
Pikel hits you with a +2 whip of freezing!
* * * LOW HITPOINT WARNING * * *
Pikel freezes you.
* * * LOW HITPOINT WARNING * * *
Aiming: Paralyse
Press: ? - help, Q - select action Shift-Dir - straight line, f - Pikel
Aim: Pikel, wielding a +2 whip of freezing and wearing a +0 robe (severely wounded, chance to affect: 49%) Pikel resists with some effort.
Pikel hits you with a +2 whip of freezing.
* * * LOW HITPOINT WARNING * * *
Pikel freezes you.
* * * LOW HITPOINT WARNING * * *
Aiming: Paralyse
Press: ? - help, Q - select action Shift-Dir - straight line, f/p - Pikel
Aim: Pikel, wielding a +2 whip of freezing and wearing a +0 robe (severely wounded, chance to affect: 49%) Pikel resists with some effort.
Pikel hits you with a +2 whip of freezing.
* * * LOW HITPOINT WARNING * * *
Pikel freezes you.
You die...

#...#.. ... #...#.#
#.# #
#...#.#####.##.####
####..................
.............#.#..#.5.
.............#.# .#
........(......# .5
#.#.........#†# ..
#....######@# .#
#....# #.K5....# #
#....# ####...##
#.##.#.# ....
####......# $##
..#####)### ### #
#...>)).#######.####
#.[.######.....#...#
###.######.#.##.#..#


You could see Pikel and a lemure.

Vanquished Creatures
  Prince Ribbit (D:5)
  Grinder (D:4)
  Menkaure (D:5)
  2 black bears
  3 lemures (D:5)
  An ogre (D:4)
  6 water moccasin zombies (Ossuary)
  3 hounds
  2 jellies (D:5)
  Crazy Yiuf (D:3)
  2 orc priests (D:4)
  2 iguanas (D:4)
  An orc wizard (D:4)
  2 mummies (Ossuary)
  3 gnolls
  9 adders
  2 adder zombies (Ossuary)
  An adder skeleton (D:4)
  3 worms
  3 dart slugs
  12 orcs
  4 bats
  8 endoplasms
  3 giant cockroaches
  6 gnoll zombies (Ossuary)
  7 goblins
  5 hobgoblins
  2 jackals (D:4)
  4 quokkas
  4 ball pythons
  6 frilled lizards
  3 hobgoblin zombies (Ossuary)
  7 kobolds
  4 kobold zombies (Ossuary)
  7 orc zombies (Ossuary)
  6 rats
  2 rat zombies (D:4)
139 creatures vanquished.

Notes
Turn   | Place    | Note
-------+----------+-------------------------------------------
     0 | D:1      | MiltankisOP the Human Fighter began the quest for the Orb.
     0 | D:1      | Reached XP level 1. HP: 18/18 MP: 1/1
   111 | D:1      | Reached XP level 2. HP: 20/24 MP: 2/2
   345 | D:1      | Reached skill level 1 in Long Blades
   396 | D:1      | Found a faded altar of an unknown god.
   630 | D:1      | Reached XP level 3. HP: 26/29 MP: 3/3
   946 | D:2      | Identified the +0 whip of Saltpetre {holy, rElec rPois rF+}
   962 | D:2      | Reached skill level 2 in Long Blades
  1452 | D:1      | Reached XP level 4. HP: 16/35 MP: 4/4
  1631 | D:2      | Reached skill level 3 in Long Blades
  2840 | D:2      | Found an opulent altar of Gozag.
  2853 | D:2      | Reached XP level 5. HP: 40/41 MP: 5/5
  3001 | D:3      | Found Gagacw Kolu's Weapon Shoppe.
  3061 | D:3      | Found Panuemum's Antique Weapon Boutique.
  3131 | D:3      | Reached skill level 4 in Long Blades
  3154 | D:3      | Found Afil's General Store.
  3745 | D:3      | Found Togg's Weapon Shoppe.
  3773 | D:3      | Found a runed translucent door.
  3774 | D:3      | Noticed Crazy Yiuf
  3808 | D:3      | Found Reraam's Weapon Shoppe.
  4149 | D:3      | Killed Crazy Yiuf
  4385 | D:4      | Noticed Grinder
  4393 | D:4      | Killed Grinder
  4394 | D:4      | Reached skill level 6 in Long Blades
  4394 | D:4      | Reached XP level 6. HP: 19/47 MP: 1/6
  4409 | D:4      | Found a shimmering blue altar of Sif Muna.
  4618 | D:4      | Reached XP level 7. HP: 42/52 MP: 5/7
  4689 | D:4      | Found a sand-covered staircase.
  4740 | Ossuary  | Entered an ossuary
  4787 | Ossuary  | Reached skill level 7 in Long Blades
  5071 | Ossuary  | Reached XP level 8. HP: 53/60 MP: 8/8
  5631 | D:4      | Reached skill level 5 in Fighting
  5631 | D:4      | Reached skill level 8 in Long Blades
  6234 | D:5      | Entered Level 5 of the Dungeon
  6283 | D:5      | Noticed Prince Ribbit
  6291 | D:5      | Killed Prince Ribbit
  6321 | D:5      | Reached XP level 9. HP: 63/69 MP: 9/9
  6425 | D:5      | Reached skill level 9 in Long Blades
  6479 | D:5      | Noticed Menkaure
  6522 | D:5      | Noticed Pikel
  6526 | D:5      | Killed Menkaure
  6558 | D:5      | HP: 3/71 [Pikel/+2 whip of freezing (2)]
  6559 | D:5      | HP: 1/71 [Pikel/+2 whip of freezing (2)]
  6559 | D:5      | Slain by Pikel

Illustrated notes

Levels and vault maps discovered:
D:1:      ebering_trefoil_3fold, layout_basic,
          shapermc_ecumenical_altar_mp_vishouse, st_stairs_8
D:2:      layout_basic, basic_altar, roderic_filled_cross
D:3:      layout_basic, serial_shops, nicolae_shop_bloodbath_and_beyond,
          nicolae_shop_waterfront, nicolae_shop_hallway_stairs, shop,
          nicolae_shop_overgrown_old_shop, uniq_crazy_yiuf_cottage
D:4:      layout_rooms, mainiacjoe_overflow_small_starburst, enter_ossuary_3,
          columned_hall_lemuel, uniq_grinder
D:5:      layout_loops_cross, uniq_menkaure, uniq_pikel, uniq_prince_ribbit1

Skill      XL: |  1  2  3  4  5  6  7  8  9 |
---------------+----------------------------+-----
Long Blades    | 1 2 3 6 7 8 9 |  9.2
Fighting       | 4 6 |  6.7
Armour         | |  3.1
Shields        | |  3.1
Unarmed Combat | |  2.2

Action                   |  1- 3 |  4- 6 |  7- 9 || total
-------------------------+-------+-------+-------++-------
Melee: Unarmed           |   154 |   168 |       ||   322
       Long sword        |       |    14 |   284 ||   298
Evoke: Wand              |       |       |     4 ||     4
  Use: Potion            |       |     2 |       ||     2
       Scroll            |       |       |     2 ||     2
 Stab: Paralysed         |       |       |     3 ||     3
Armor: Scale mail        |    67 |    44 |    85 ||   196
Dodge: Dodged            |    58 |    56 |    89 ||   203
Block: Buckler           |    32 |    32 |    45 ||   109
